 Dungeon Crawl Stone Soup version 0.30-a0-743-gbfdf073431 (webtiles) character file.

Game seed: 12320780039626828265

4 Khashishi the Sneak (level 1, -1/15 HPs)
             Began as a Naga Enchanter on Feb 7, 2023.
             Slain by a jackal (3 damage)
             ... on level 1 of the Dungeon.
             The game lasted 00:01:23 (147 turns).

Khashishi the Sneak (Naga Enchanter)                 Turns: 147, Time: 00:01:23

Health: -1/15      AC:  1    Str: 10    XL:     1   Next: 70%
Magic:  3/3        EV:  9    Int: 15    God:
Gold:   44         SH:  0    Dex: 11    Spells: 4/4 levels left

rFire   . . .      SeeInvis +    a - +1 dagger
rCold   . . .      Faith    .    (no shield)
rNeg    . . .      Spirit   .    b - +0 robe
rPois   +          Reflect  .    (no helmet)
rElec   .          Harm     .    (no cloak)
rCorr   .          Rampage  .    (no gloves)
Will    .....                    (no barding)
Stlth   +++                      (no amulet)
HPRegen 0.22/turn                (no ring)
MPRegen 0.08/turn                (no ring)

@: very slow
A: AC +0, large, see invisible, deformed body, poison resistance, slowness 2,
spit poison 1, naga tail 1
a: Spit Poison


You were on level 1 of the Dungeon.
You visited 1 branch of the dungeon, and saw 1 of its levels.

You collected 44 gold pieces.

Inventory:

Hand Weapons
 a - a +1 dagger (weapon)
Armour
 b - a +0 robe (worn)
Scrolls
 d - a scroll of magic mapping {unknown}
 e - a scroll of silence {unknown}
Potions
 c - 2 potions of invisibility


   Skills:
 + Level 1.1 Short Blades
 - Level 1.5 Dodging
 + Level 4.5 Stealth
 + Level 2.1 Spellcasting
 + Level 3.0 Hexes


You had 4 spell levels left.
You didn't know any spells.
Your spell library contained the following spells:

 Spells                   Type           Power      Damage    Failure   Level
 Ensorcelled Hibernation  Hex/Ice        12%        N/A       19%         2
 Confusing Touch          Hex            10%        N/A       19%         3
 Tukima's Dance           Hex            10%        N/A       19%         3
 Dazzling Flash           Conj/Hex       12%        N/A       34%         3


Dungeon Overview and Level Annotations

Branches:
Dungeon (1/15)

Altars:

Annotations:
D:1 1 runed translucent door


Innate Abilities, Weirdness & Mutations

Your serpentine skin is tough. (AC +0)
You have supernaturally acute eyesight. (SInv)
Armour fits poorly on your strangely shaped body.
Your system is resistant to poisons. (rPois)
You cover ground very slowly.
You can spit poison.
You have a snake-like lower body.


Message History

A jackal comes into view.
The jackal barks! x2
The bat hits you.
You hit the jackal but do no damage. The bat barely misses you.
The jackal barely misses you.
Aiming: Spit Poison (3% risk of failure)
Press: ? - help, Shift-Dir - straight line The splash of poison hits the jackal.
The jackal is lightly wounded.
The jackal bites you. The bat hits you but does no damage.
You hit the bat.
The bat is severely wounded.
The bat hits you but does no damage. The jackal barely misses you.
You closely miss the jackal.
The jackal is lightly wounded.
The jackal bites you. The jackal misses you.
You closely miss the bat.
The bat is severely wounded.
You have got your breath back.
The bat hits you but does no damage. The jackal bites you. x2
The jackal barely misses you.
You closely miss the jackal.
The jackal is lightly wounded.
The bat barely misses you. The jackal bites you. x3
You barely miss the jackal.
The jackal is lightly wounded.
The jackal completely misses you.
A rat comes into view.
The jackal closely misses you. The bat barely misses you.
You closely miss the jackal.
The jackal is lightly wounded.
The bat completely misses you. The jackal closely misses you.
The bat barely misses you. The jackal bites you. x2
* * * LOW HITPOINT WARNING * * *
You barely miss the jackal.
The jackal is lightly wounded.
The bat hits you but does no damage.
The jackal bites you but does no damage.
The jackal bites you.
You die...

...##.....................#
..........................#
........................#
........................#
....#.....#.............#
####.#..#........#
###.#..#........##
#......#..##.....##
#...#b@#.##.......#
b...##hh####.......# ....
#..# #.......# ... #..#
##.....## .. #..# #.......#
.... #.......# #...
#.......# #... ##.....##
##...##


You could see 2 jackals and a bat.

Vanquished Creatures
  A dart slug (D:1)
  A giant cockroach (D:1)
  A bat (D:1)
3 creatures vanquished.

Notes
Turn   | Place    | Note
-------+----------+-------------------------------------------
     0 | D:1      | Khashishi the Naga Enchanter began the quest for the Orb.
     0 | D:1      | Reached XP level 1. HP: 15/15 MP: 3/3
     0 | D:1      | Noticed a jelly
     1 | D:1      | Found a runed translucent door.
   147 | D:1      | Slain by a jackal

Illustrated notes

Levels and vault maps discovered:
D:1:      dpeg_arrival_caged_fury, layout_rooms

Action                     || total
---------------------------++-------
  Melee: Dagger            ||    37
         Punch             ||     1
Ability: Spit Poison       ||     3
 Armour: Robe              ||    14
  Dodge: Dodged            ||    29

Table legend: (Time is in decaauts)
 A = Elapsed time spent in this place.
 B = Non-inter-level travel time spent in this place.
 C = Inter-level travel time spent in this place.
 D = Time resting spent in this place.
 E = Time spent auto-exploring this place.
 F = Levels seen in this place.
 G = Mean time per level.
                   A        B        C        D        E       F      G
               +--------+--------+--------+--------+--------+-----+--------+
         Total |    171 |    171 |      0 |     36 |     41 |   1 |  171.0 |
       Dungeon |    171 |    171 |      0 |     36 |     41 |   1 |  171.0 |
               +--------+--------+--------+--------+--------+-----+--------+

Top non-repeatable levels by time:
     D:1: 171 daAuts
